 Dungeon Crawl Stone Soup version 0.27-a0-920-gb2bd10914a (webtiles) character file.

Game seed: 4721796960738494871

4596 robertstho the Thaumaturge (level 10, -5/65 HPs)
             Began as a Djinni Fire Elementalist on Apr 9, 2021.
             Was a Follower of Makhleb.
             Slain by a fire dragon (9 damage)
             ... on level 8 of the Dungeon.
             The game lasted 00:17:49 (12048 turns).

robertstho the Thaumaturge (DjFE)                  Turns: 12048, Time: 00:17:50

Health: -5/65      AC:  4    Str:  7    XL:     10   Next: 41%
Gold:   337        EV: 16    Int: 23    God:    Makhleb [*.....] SH:  0 Dex: 20

rFire    + + .     SeeInvis .   u - +8 war axe of Beogh's Reproof {vorpal, +Inv rElec Int+3 Stlth+}
rCold    + . .     Faith    .   (no shield)
rNeg     . . .     Spirit   .   a - +0 robe
rPois    ∞         Reflect  .   d - +2 hat
rElec    +         Harm     .   r - scarf {repulsion}
rCorr    +         Rampage  .   (no gloves)
Will     +....                  (boots unavailable)
Stlth    ++++......             (no amulet)
HPRegen  0.20/turn              m - +6 ring of dexterity
MPRegen  0.00/turn              c - ring of ice

@: about to teleport, resistant, flying, repel missiles
A: fire resistance 2, cold vulnerability 1, float, innate caster, hp casting,
extra vitality 1
a: Renounce Religion, Evoke Invisibility


You were on level 8 of the Dungeon.
You worshipped Makhleb.
Makhleb was aware of your devotion.
You visited 2 branches of the dungeon, and saw 9 of its levels.
You also visited: Ossuary.

You collected 337 gold pieces.

Inventory:

Hand Weapons
 e - the +10 short sword of Impatience {freeze, Fly}
   (You found it on level 7 of the Dungeon)

   It has been specially enchanted to freeze those struck by it, causing extra
   injury to most foes and up to half again as much damage against particularly
   susceptible opponents.
   It can also slow down cold-blooded creatures.
   It grants you flight.
 n - a +1 spear of venom
 o - a +1 flail of protection
 u - the +8 war axe of Beogh's Reproof (weapon) {vorpal, +Inv rElec Int+3 Stlth+}
   (You took it off an orc warrior on level 7 of the Dungeon)

   It inflicts extra damage upon your enemies.
   It affects your intelligence (+3).
   It insulates you from electricity.
   It lets you turn invisible.
   It makes you more stealthy.
Missiles
 i - 8 curare-tipped darts
Armour
 a - a +0 robe (worn)
 d - a +2 hat (worn)
 r - a scarf of repulsion (worn)
Jewellery
 c - a ring of ice (right hand)
 m - a +6 ring of dexterity (left hand)
Wands
 b - a wand of paralysis (4)
 k - a wand of acid (1)
 l - a wand of iceblast (16)
 t - a wand of flame (22)
Scrolls
 j - 2 scrolls of enchant armour
 s - a scroll of summoning {unknown}
Potions
 f - a potion of resistance
 h - a potion of magic
 p - 3 potions of lignification
 q - a potion of brilliance


   Skills:
 + Level 2.5 Fighting
 + Level 3.0 Maces & Flails
 + Level 2.1 Polearms
 + Level 5.8 Dodging
 + Level 5.3 Stealth
 + Level 9.4 Spellcasting
 * Level 3.6 Invocations
 + Level 1.7 Evocations


You had 2 spell levels left.
You knew the following spells:

 Your Spells              Type           Power      Damage    Failure   Level
a - Foxfire               Conj/Fire      100%       2x1d9     1%          1
b - Conjure Flame         Conj/Fire      53%        6-21      1%          3
c - Inner Flame           Hex/Fire       53%        N/A       1%          3
d - Sticky Flame          Conj/Fire      53%        2d7       1%          4
e - Fireball              Conj/Fire      26%        3d12      3%          5
f - Sandblast             Erth           100%       2d20      1%          1
g - Corpse Rot            Necr/Air       N/A        N/A       1%          2
h - Swiftness             Air            53%        N/A       1%          2
i - Hailstorm             Conj/Ice       69%        3d14      1%          4
Your spell library was empty.

Dungeon Overview and Level Annotations

Branches:
Dungeon (8/15)             Temple (1/1) D:5            Lair (0/6) D:8
Ossuary (visited)

Altars:
Ashenzari
Cheibriados
Dithmenos
Elyvilon
Fedhas
Gozag
Hepliaklqana
Kikubaaqudgha
Makhleb
Nemelex Xobeh
Okawaru
Qazlal
Ru
Sif Muna
Trog
Uskayaw
Vehumet
Wu Jian
Xom
Yredelemnul
Zin
The Shining One

Shops:
D:2 (

Annotations:
D:4 1 runed translucent door, indyram44's ghost, amateur DsGl


Innate Abilities, Weirdness & Mutations

You are immune to poison.
Your flesh is very heat resistant. (rF++)
You are vulnerable to cold. (rC-)
You float through the air rather than walking.
You learn spells naturally, not from books.
Your magical power is your life essence.
You have superior vitality. (+4 HP)


Message History

Confirm with . or Enter, or press ? or * to list all spells.
Casting: Hailstorm (dangerous; 1% risk of failure)
Press: ? - help, Dir - look around, f - activate You feel a surge of power!
A cannonade of hail descends around you!
The hail pelts the fire dragon!!
The fire dragon is frozen!
The fire dragon is moderately wounded.
Unknown command.
The fire dragon breathes flames at you. The blast of flame hits you!!
You resist.
Casting: Hailstorm (dangerous; 1% risk of failure)
Confirm with . or Enter, or press ? or * to list all spells.
Casting: Hailstorm (dangerous; 1% risk of failure)
Press: ? - help, Dir - look around, f - activate You feel a surge of power!
A cannonade of hail descends around you!
The hail pelts the fire dragon!
The fire dragon is frozen!
The fire dragon is moderately wounded.
Unknown command.
The fire dragon breathes flames at you. The blast of flame hits you!
You resist.
* * * LOW HITPOINT WARNING * * *
You hear a shout!
Casting: Hailstorm (dangerous; 1% risk of failure)
Confirm with . or Enter, or press ? or * to list all spells.
Casting: Hailstorm (dangerous; 1% risk of failure)
Press: ? - help, Dir - look around, f - activate You feel a surge of power!
A cannonade of hail descends around you!
The hail pelts the fire dragon!
The fire dragon is frozen!
The fire dragon is heavily wounded.
* * * LOW HITPOINT WARNING * * *
You feel protected. The fire dragon barely misses you.
The fire dragon claws you!
* * * LOW HITPOINT WARNING * * *
The fire dragon barely misses you.
As you read the scroll labelled KESSIA ELE GOJ, it crumbles to dust.
You feel strangely unstable.
It was a scroll of teleportation.
The fire dragon misses you. x2; The fire dragon tramples you!
You die...

#.....#.#
########.....#.#
..............>#####
########...[.)......
######...)[#######
#.........÷######.
#.#########))...#. #
#.# #..)..#. ... #@#
#....<#. ....#####D#
##....##.
..........#
#........
..≈≈≈≈....#
#........
.≈≈≈≈≈§...#
#..(.....
.§§§.§§...#
#........
.§§§>§§...#
#########
.§≈≈..≈≈.##
..§≈≈≈§≈§#


You could see a fire dragon (catching breath).

Vanquished Creatures
  Joseph (D:7)
  Grinder (D:5)
  Prince Ribbit (D:6)
  6 yaks (D:8)
  Menkaure (D:6)
  Edmund (D:5)
  A hornet zombie (D:6)
  Duvessa (D:5)
  2 ice beasts
  2 ogres
  2 orc warriors (D:7)
  A centaur (D:8)
  A necrophage (D:7)
  2 kobold brigands
  A wyvern zombie (D:5)
  2 elf zombies (Ossuary)
  A gnoll sergeant (D:6)
  2 scorpions
  Dowan (D:4)
  A water moccasin zombie (D:5)
  A water moccasin skeleton (D:4)
  A howler monkey (D:5)
  2 centaur zombies (D:5)
  A human zombie (Ossuary)
  6 bullfrog zombies (D:5)
  3 jellies
  An orc priest (D:7)
  2 hounds (D:6)
  A bullfrog skeleton (D:5)
  A centaur skeleton (D:5)
  5 iguanas
  3 orc wizards
  A killer bee zombie (D:7)
  2 hound skeletons
  2 hound zombies (D:5)
  2 mummies (Ossuary)
  A howler monkey zombie (D:5)
  A howler monkey skeleton (D:5)
  11 gnolls
  8 adders
  An ufetubus (D:6)
  2 adder zombies
  An adder skeleton (D:4)
  2 dart slugs
  5 orcs
  5 endoplasms
  2 giant cockroaches
  6 hobgoblins
  5 jackals
  9 quokkas
  3 ball pythons
  11 bats
  5 frilled lizards
  8 goblins
  A goblin zombie (Ossuary)
  13 hobgoblin zombies (Ossuary)
  16 kobolds
  10 kobold zombies (Ossuary)
  7 orc zombies (Ossuary)
  A quokka zombie (D:4)
  A rat (D:1)
  3 rat zombies
203 creatures vanquished.

Vanquished Creatures (others)
  418 foxfires
  4 toadstools (D:1)
  2 withered plants (D:5)
424 creatures vanquished.

Grand Total: 627 creatures vanquished

Notes
Turn   | Place    | Note
-------+----------+-------------------------------------------
     0 | D:1      | robertstho the Djinni Fire Elementalist began the quest for
                  | the Orb.
     0 | D:1      | Reached XP level 1. HP: 15/15 MP: 0/0
   219 | D:1      | Reached skill level 3 in Spellcasting
   275 | D:1      | Reached XP level 2. HP: 20/21 MP: 0/0
   889 | D:1      | Reached XP level 3. HP: 22/25 MP: 0/0
   889 | D:1      | Learned a level 1 spell: Sandblast
  1578 | D:2      | Found Duurhecato's Antique Weapon Emporium.
  2392 | D:3      | Found a faded altar of an unknown god.
  2508 | D:3      | You are sucked into a shaft and drop 3 floors!
  2544 | D:6      | Reached skill level 4 in Spellcasting
  2544 | D:6      | Reached XP level 4. HP: 27/31 MP: 0/0
  2587 | D:6      | Noticed a scorpion
  2593 | D:6      | Killed a scorpion
  2594 | D:6      | Reached XP level 5. HP: 32/35 MP: 0/0
  2594 | D:6      | Learned a level 2 spell: Corpse Rot
  2649 | D:6      | Noticed an ice beast
  2656 | D:6      | Killed an ice beast
  2657 | D:6      | Reached skill level 5 in Spellcasting
  2657 | D:6      | Reached XP level 6. HP: 33/40 MP: 0/0
  3057 | D:6      | Reached skill level 6 in Spellcasting
  3057 | D:6      | Reached XP level 7. HP: 18/45 MP: 0/0
  3057 | D:6      | Learned a level 2 spell: Swiftness
  3082 | D:5      | Entered Level 5 of the Dungeon
  3525 | D:5      | Noticed Edmund
  3552 | D:5      | Killed Edmund
  3900 | D:5      | Reached skill level 1 in Evocations
  3902 | D:5      | Reached XP level 8. HP: 39/51 MP: 0/0
  3940 | D:5      | Reached skill level 1 in Fighting
  3940 | D:5      | Reached skill level 7 in Spellcasting
  4575 | D:4      | Found a runed translucent door.
  4604 | D:4      | Found a sand-covered staircase.
  4612 | Ossuary  | Entered an ossuary
  5678 | D:4      | Noticed a slime creature
  5678 | D:4      | Noticed indyram44's ghost (amateur DsGl)
  6549 | D:3      | Found a shadowy altar of Dithmenos.
  7182 | D:5      | Reached skill level 1 in Maces & Flails
  7482 | D:5      | Noticed Duvessa
  7483 | D:5      | Noticed Dowan
  7485 | D:5      | Noticed Grinder
  7493 | D:5      | Killed Duvessa
  7505 | D:4      | Killed Dowan
  7506 | D:4      | Reached XP level 9. HP: 14/58 MP: 0/0
  7506 | D:4      | Learned a level 4 spell: Hailstorm
  8093 | D:5      | Found a staircase to the Ecumenical Temple.
  8100 | D:5      | Identified the +6 short sword "Yfac" {distort, rC+ Int+4
                  | Dex-5}
  8107 | D:5      | Reached skill level 8 in Spellcasting
  8601 | D:5      | Killed Grinder
  8602 | D:5      | Reached skill level 1 in Polearms
  8629 | Temple   | Entered the Ecumenical Temple
  8790 | Temple   | Became a worshipper of Makhleb the Destroyer
  8972 | D:5      | Reached skill level 5 in Dodging
  9184 | D:6      | Noticed Menkaure
  9192 | D:6      | Killed Menkaure
  9201 | D:6      | Reached skill level 1 in Invocations
  9733 | D:6      | Noticed Prince Ribbit
  9740 | D:6      | Killed Prince Ribbit
  9978 | D:6      | Identified the +8 war axe of Beogh's Reproof {vorpal, +Inv
                  | rElec Int+3 Stlth+}
  9978 | D:6      | Noticed a rust devil
  9978 | D:6      | Noticed a rust devil
 10488 | D:7      | Noticed Joseph
 10494 | D:7      | Killed Joseph
 10495 | D:7      | Reached skill level 5 in Stealth
 10495 | D:7      | Reached XP level 10. HP: 27/65 MP: 0/0
 10817 | D:7      | Identified the +10 short sword of Impatience {freeze, Fly}
 11149 | D:7      | Reached skill level 9 in Spellcasting
 11584 | D:8      | Reached * piety under Makhleb
 12037 | D:8      | Found a staircase to the Lair.
 12038 | D:8      | Noticed a fire dragon
 12047 | D:8      | HP: 3/65 [fire dragon (11)]
 12048 | D:8      | Slain by a fire dragon

Illustrated notes

Levels and vault maps discovered:
D:1:      ldierk_walled_garden_2, layout_loops_ring, minmay_small_reverse_x
D:2:      layout_loops_ring, serial_co_window_serial, co_window_corner_a,
          co_window_of_opportunity_a, co_window_paths_a, co_window_corner_a,
          co_window_corner_a, co_window_broadway_c, co_window_unsneaky_path_c,
          co_window_corner_cb, co_window_paths_c, co_window_unsneaky_path_d,
          co_window_corner_b, glass_columns_a, glass_columns_b, glass_columns_c,
          glass_columns_c, serial_shops, shop, hex_tiny
D:3:      layout_basic, nicolae_dithmenos_shadow_blocks,
          shapermc_ecumenical_altar_mp_highgroup
D:4:      layout_loops_corners, ebering_ghost_inner_flame, enter_ossuary_4
D:5:      layout_basic, minmay_temple_entry_drinking_statues, serial_undead,
          serial_undead_f, serial_undead_d, serial_undead_b, serial_undead_f,
          serial_undead_e, uniq_duvessa, uniq_grinder, uniq_edmund
D:6:      cheibrodos_iron_armory, layout_basic, uniq_prince_ribbit1,
          uniq_menkaure
D:7:      layout_gridville, uniq_joseph
D:8:      layout_basic, minmay_lair_entry_lava, uniq_pikel
Temple:   dpeg_three_leaves_temple

Skill      XL: |  1  2  3  4  5  6  7  8  9 10 |
---------------+-------------------------------+-----
Spellcasting   | 3 4 5 6 7 8 9 |  9.4
Stealth        | 2 3 4 5 |  5.3
Dodging        | 3 4 5 |  5.8
Evocations     | 1 |  1.7
Fighting       | 1 2 |  2.5
Maces & Flails | 1 3 |  3.0
Polearms       | 1 2 |  2.1
Invocations    | 2 3 |  3.6

Action                   |  1- 3 |  4- 6 |  7- 9 | 10-12 || total
-------------------------+-------+-------+-------+-------++-------
Melee: Dagger            |     3 |       |       |       ||     3
       Flail             |       |       |    94 |       ||    94
       Spear             |       |       |    17 |       ||    17
 Cast: Foxfire           |    86 |    35 |   127 |       ||   248
       Sticky Flame      |       |     1 |    27 |     2 ||    30
       Swiftness         |       |       |     1 |       ||     1
       Fireball          |       |       |    36 |    27 ||    63
       Hailstorm         |       |       |       |     3 ||     3
Evoke: Wand              |       |     4 |     7 |       ||    11
  Use: Scroll            |       |       |    13 |     1 ||    14
       Potion            |       |       |     4 |     1 ||     5
 Stab: Sleeping          |       |       |    11 |       ||    11
Armor: Robe              |     5 |       |    56 |       ||    61
Dodge: Dodged            |    13 |     6 |   141 |     6 ||   166

Table legend: (Time is in decaauts)
 A = Elapsed time spent in this place.
 B = Non-inter-level travel time spent in this place.
 C = Inter-level travel time spent in this place.
 D = Time resting spent in this place.
 E = Time spent auto-exploring this place.
 F = Levels seen in this place.
 G = Mean time per level.
                   A        B        C        D        E       F      G
               +--------+--------+--------+--------+--------+-----+--------+
         Total |  12083 |  11477 |    606 |   2625 |   7298 |  10 | 1208.3 |
       Dungeon |  11053 |  10457 |    596 |   2442 |   6693 |   8 | 1381.6 |
        Temple |    171 |    161 |     10 |      0 |    155 |   1 |  171.0 |
       Ossuary |    858 |    858 |      0 |    183 |    450 |   1 |  858.0 |
               +--------+--------+--------+--------+--------+-----+--------+

Top non-repeatable levels by time:
     D:5: 2483 daAuts
     D:7: 1860 daAuts
     D:4: 1533 daAuts
     D:6: 1465 daAuts
     D:2: 1238 daAuts
     D:1: 1220 daAuts
     D:3: 923 daAuts
 Ossuary: 858 daAuts
     D:8: 328 daAuts
  Temple: 171 daAuts
